Map: Eternal Empire LE

Players

BratOK (Brat_OK) - Winner!

  • Race: Terran Terran
  • League: Grandmaster
  • Spawn Location: 1:00

HeroMarine

  • Race: Terran Terran
  • League: Master
  • Spawn Location: 7:00

Event: DreamHack SC2 Masters 2020 Summer Europe

VOD

Have the link to the VOD?

Description

Time

  • Played on: June 27, 2020, 1:34 p.m.
  • Length: 14:21

All games in this series

Show
View Real Time Build Order
Export as new Build Order

BratOK Terran - Winner!

Build Orders:  

Get SALT Encoding   

  12  0:00  SCV  
  13  0:13  SCV  
  14  0:17  Supply Depot  
  14  0:25  SCV  
  15  0:39  SCV  
  15  0:41  Barracks  
  16  0:44  Refinery  
  16  0:51  SCV  
  17  0:59  Barracks  
  17  1:03  SCV  
  18  1:15  SCV  
  19  1:28  Reaper, Orbital Command  
  20  1:33  Supply Depot  
  20  1:47  Reaper  
  20  1:54  SCV  
  22  2:03  Reaper  
  22  2:07  SCV  
  24  2:14  Command Center  
  24  2:20  SCV  
  25  2:23  Refinery  
  25  2:35  SCV  
  26  2:41  Factory  
  26  2:47  SCV  
  27  2:58  Barracks Reactor  
  27  2:59  SCV  
  27  3:11  SCV  
  28  3:14  Command Center  
  28  3:16  Barracks Tech Lab  
  28  3:23  SCV  
  28  3:25  Orbital Command  
  29  3:29  Refinery, Factory Tech Lab  
  29  3:36  Marine x3  
  32  3:43  Starport  
  32  3:50  Cyclone  
  35  4:01  SCV  
  35  4:08  Stimpack, Marine x3  
  38  4:12  SCV  
  38  4:14  SCV  
  40  4:24  SCV  
  40  4:27  SCV, Orbital Command  
  40  4:29  Raven  
  44  4:36  Marine x3  
  44  4:37  SCV  
  47  4:39  SCV  
  48  4:48  Factory Reactor  
  48  4:49  SCV  
  49  4:53  SCV  
  49  4:55  Marine x2  
  49  4:56  Marine  
  53  5:03  Engineering Bay  
  53  5:05  Engineering Bay  
  53  5:07  SCV x2  
  53  5:09  SCV, Refinery  
  53  5:13  Marine x3  
  59  5:19  SCV, Supply Depot  
  60  5:22  Supply Depot  
  60  5:28  SCV  
  61  5:31  Terran Infantry Weapons Level 1, Terran Infantry Armor Level 1  
  61  5:41  SCV x2, Medivac, Marine x3  
  61  5:42  Supply Depot  
  68  5:43  SCV  
  68  5:44  Medivac  
  68  5:45  Supply Depot  
  68  5:48  Siege Tank  
  74  5:52  Combat Shield  
  74  5:53  SCV  
  74  5:54  SCV  
  76  5:59  SCV, Barracks  
  77  6:04  Marine x2  
  77  6:05  SCV  
  77  6:11  SCV  
  80  6:17  Viking x2  
  80  6:18  Orbital Command  
  85  6:25  SCV x2  
  86  6:31  Marine x3, Siege Tank  
  92  6:36  Armory  
  92  6:37  SCV  
  93  6:46  Supply Depot  
  93  6:47  Supply Depot  
  93  6:53  Barracks Reactor, Supply Depot  
  93  6:56  Supply Depot  
  93  7:00  Barracks  
  93  7:02  Barracks  
  93  7:07  Marine  
  93  7:08  SCV x3  
  96  7:16  Marine  
  96  7:20  SCV x3  
  101  7:23  Medivac, Refinery, Siege Tank  
  101  7:24  Refinery  
  101  7:25  Marine  
  106  7:32  SCV x3  
  106  7:33  Barracks Reactor  
  106  7:34  Medivac, Marine, Terran Infantry Weapons Level 2  
  106  7:35  Terran Infantry Armor Level 2  
  112  7:44  SCV  
  112  7:47  Marine  
  112  7:48  Marine x3  
  117  7:52  Marine  
  117  7:53  Marine  
  117  7:58  SCV  
  115  8:00  Medivac, Siege Tank  
  115  8:05  SCV, Marine x4  
  121  8:11  Marine  
  121  8:12  SCV  
  125  8:13  Marine  
  124  8:22  SCV  
  124  8:25  Marine x2  
  125  8:34  Command Center  
  125  8:36  Supply Depot  
  125  8:37  Supply Depot  
  125  8:38  Barracks Reactor x2  
  125  8:39  SCV, Marine x2  
  128  8:43  Marine  
  128  8:44  Factory  
  128  8:46  SCV x2  
  131  8:50  Supply Depot x2  
  131  8:55  Supply Depot  
  131  8:56  Marine x2  
  131  8:57  SCV, Marine x3, Siege Tank  
  131  8:58  SCV, Liberator x2  
  131  9:01  Marine  
  147  9:13  Supply Depot  
  147  9:14  Marine  
  146  9:19  Marine x6  
  146  9:20  Terran Vehicle Weapons Level 1  
  146  9:22  SCV x2  
  154  9:25  Marine x3  
  154  9:29  Missile Turret  
  154  9:30  Missile Turret  
  154  9:31  Missile Turret  
  157  9:38  Marine, Siege Tank x2  
  163  9:44  Marine  
  165  9:53  Medivac x2  
  165  9:54  Planetary Fortress  
  165  9:57  SCV x2  
  165  9:58  SCV  
  165  9:59  Marine x9  
  181  10:02  Marine  
  181  10:06  Terran Infantry Weapons Level 3  
  182  10:16  Marine  
  182  10:17  Supply Depot x2, Marine x3  
  186  10:23  Medivac  
  186  10:26  Siege Tank x2  
  186  10:27  Command Center  
  190  10:34  Marine  
  188  10:38  Marine  
  188  10:39  Marine x4  
  188  10:40  Marine  
  188  10:41  Marine x3  
  151  10:52  Marine  
  151  10:55  Marine  
  150  10:57  Medivac, Marine  
  150  10:58  Medivac, Siege Tank x2  
  150  11:00  Marine x7  
  168  11:10  Marine  
  169  11:11  Terran Infantry Armor Level 3  
  169  11:13  Marine  
  169  11:15  Marine  
  169  11:16  Terran Vehicle Weapons Level 2  
  171  11:18  Marine x5  
  171  11:19  Marine x2  
  178  11:27  Marine  
  178  11:28  Medivac  
  178  11:29  Medivac  
  178  11:32  Marine  
  184  11:33  Marine  
  184  11:36  Marine x2  
  184  11:37  Marine x3  
  184  11:38  Siege Tank x2  
  185  11:48  Marine x2  
  186  11:56  Barracks  
  186  11:57  Barracks  
  186  11:58  Medivac, Barracks  
  186  12:03  Medivac  
  186  12:08  Marine x10  
  188  12:15  Planetary Fortress  
  198  12:17  Unknown  
  198  12:26  Marine x2  
  200  12:36  Marine  
  184  12:37  Marine  
  184  12:39  Marine  
  184  12:43  Marine x2  
  175  12:45  Marine x8  
  175  12:49  Siege Tank  
  163  12:54  Marine, Siege Tank  
  163  12:55  Marine, Liberator x2  
  163  12:57  Marine  
  163  13:01  Marine x2  
  163  13:03  Marine x8  
  173  13:12  Marine  
  166  13:13  Marine  
  166  13:14  Marine  
  166  13:19  Marine x2  
  160  13:21  Marine x8, Siege Tank  
  162  13:30  Marine, Siege Tank  
  162  13:31  Marine  
  162  13:32  Marine  
  168  13:37  Marine x2  
  168  13:38  Marine  
  168  13:39  Marine x7  
  175  13:46  Command Center  
  175  13:47  Command Center, Marine  
  176  13:49  Marine  
  176  13:50  Marine  
  176  13:54  Marine  
  176  13:55  Marine  
  180  13:56  Marine x8  
Show
View Real Time Build Order
Export as new Build Order

HeroMarine Terran 

Build Orders: Gas First Reaper Expand 

Get SALT Encoding   

  12  0:00  SCV  
  13  0:13  SCV  
  14  0:17  Supply Depot  
  14  0:25  SCV  
  14  0:27  Refinery  
  15  0:38  SCV  
  16  0:44  Barracks  
  16  0:50  SCV  
  17  1:03  SCV  
  18  1:15  SCV  
  19  1:31  Reaper, Orbital Command  
  20  1:47  Command Center  
  20  1:56  Factory  
  20  2:00  SCV  
  21  2:04  Marine  
  22  2:12  Supply Depot  
  22  2:13  SCV  
  22  2:20  Refinery  
  22  2:22  Barracks Reactor  
  22  2:25  SCV  
  23  2:37  SCV  
  23  2:40  Hellion  
  26  2:44  Starport  
  26  2:49  SCV  
  26  2:58  Marine x2  
  26  3:01  SCV  
  29  3:13  SCV  
  29  3:16  Marine x2, Factory Tech Lab  
  29  3:18  Orbital Command  
  32  3:23  Starport Tech Lab  
  32  3:25  SCV  
  33  3:36  Siege Tank  
  33  3:38  SCV, Marine  
  33  3:39  Marine  
  39  3:43  SCV  
  40  3:49  Supply Depot  
  40  3:51  Banshee  
  43  3:56  SCV  
  43  4:02  SCV  
  42  4:07  Marine x2  
  42  4:08  SCV  
  45  4:11  Siege Tank  
  45  4:12  Supply Depot  
  45  4:15  SCV  
  49  4:20  SCV  
  49  4:22  Refinery  
  50  4:25  Marine x2  
  50  4:27  SCV  
  53  4:32  SCV  
  54  4:39  SCV  
  54  4:43  Command Center  
  54  4:44  SCV  
  58  4:48  Supply Depot  
  59  4:52  SCV  
  59  4:56  SCV  
  62  5:08  SCV x2  
  62  5:09  Siege Tank  
  62  5:14  Barracks x2  
  63  5:17  Starport Reactor, Engineering Bay  
  63  5:20  Engineering Bay  
  63  5:22  SCV  
  63  5:23  SCV  
  63  5:26  Stimpack  
  65  5:34  SCV  
  65  5:35  SCV  
  67  5:36  Supply Depot  
  67  5:41  Siege Tank  
  70  5:46  Terran Infantry Weapons Level 1, Terran Infantry Armor Level 1  
  70  5:55  SCV x2  
  72  5:57  Orbital Command  
  72  6:00  Marine  
  72  6:01  Refinery  
  72  6:03  Marine x2  
  75  6:06  Starport Reactor  
  75  6:07  SCV x2  
  77  6:13  Siege Tank  
  80  6:21  Marine x4  
  80  6:25  SCV x2  
  86  6:30  Orbital Command, Missile Turret, Marine  
  86  6:31  Supply Depot  
  86  6:32  Supply Depot  
  87  6:37  SCV x2  
  87  6:39  Marine  
  90  6:46  Missile Turret, Siege Tank  
  93  6:52  Marine x3  
  93  6:53  SCV x2, Medivac x2, Marine  
  103  6:58  Marine  
  103  7:01  SCV  
  102  7:05  SCV x2, Armory  
  102  7:10  Marine  
  102  7:13  SCV  
  102  7:17  SCV x2, Marine x2  
  105  7:25  SCV, Supply Depot, Marine x2  
  105  7:28  Combat Shield  
  105  7:29  SCV  
  109  7:31  Medivac x2  
  109  7:32  SCV  
  109  7:34  Supply Depot  
  109  7:36  Marine x2  
  109  7:37  SCV, Sensor Tower  
  117  7:46  Marine x3  
  117  7:47  SCV x2, Supply Depot  
  117  7:49  SCV  
  117  7:54  Marine  
  104  7:58  Marine  
  104  7:59  SCV x2  
  104  8:01  SCV  
  104  8:04  Marine  
  104  8:11  SCV x2, Marine x2  
  104  8:12  Marine  
  106  8:13  SCV  
  106  8:16  Medivac, Marine  
  106  8:17  Medivac  
  110  8:22  Marine  
  110  8:23  SCV x2  
  110  8:24  Terran Infantry Weapons Level 2  
  110  8:25  SCV, Engineering Bay  
  114  8:29  Marine x2  
  116  8:34  Marine x2  
  116  8:35  SCV x2  
  116  8:38  SCV, Barracks  
  116  8:40  Refinery  
  121  8:41  Marine, Barracks  
  121  8:42  Refinery  
  121  8:47  SCV x2, Marine  
  126  8:50  SCV  
  126  8:51  Siege Tank  
  126  8:52  Marine x2  
  131  8:59  SCV x2, Supply Depot  
  131  9:00  Terran Infantry Armor Level 2  
  132  9:03  Marine  
  132  9:05  SCV, Barracks Reactor  
  132  9:07  Marine  
  78  9:10  Viking, Marine  
  133  9:11  Supply Depot x2  
  133  9:12  Viking  
  134  9:18  Marine  
  134  9:20  Supply Depot  
  134  9:21  Marine  
  134  9:25  Marine  
  134  9:28  Command Center  
  134  9:30  Barracks Reactor x2  
  134  9:31  Marine  
  135  9:32  Sensor Tower  
  135  9:36  Marine  
  135  9:38  Siege Tank  
  140  9:39  Marine  
  140  9:40  Viking  
  140  9:42  Marine  
  140  9:43  Viking  
  146  9:51  Marine x3  
  149  9:54  Marine  
  149  9:56  Missile Turret  
  149  9:57  Marine  
  149  9:58  Terran Vehicle Weapons Level 1  
  151  10:02  Factory  
  151  10:09  Marine x3  
  151  10:10  Viking, Marine x2  
  151  10:13  Viking, Marine x2  
  161  10:14  Marine x2  
  161  10:15  Marine  
  164  10:27  SCV x2, Marine x3  
  164  10:28  SCV  
  161  10:37  Marine x3  
  161  10:38  Marine x2  
  161  10:41  Marine x2  
  153  10:44  Medivac x2  
  153  10:48  Marine x2  
  152  10:52  SCV x3  
  152  10:55  Siege Tank x2  
  161  11:01  Terran Infantry Weapons Level 3  
  161  11:02  Marine  
  162  11:10  Marine x8  
  170  11:11  Marine  
  171  11:20  Marine  
  171  11:21  Viking  
  171  11:24  Sensor Tower  
  172  11:27  Unknown  
  172  11:31  Marine x9  
  168  11:45  Siege Tank  
  168  11:46  Command Center  
  170  11:50  Marine x2  
  157  12:03  Siege Tank  
  157  12:08  Marine x9  
  168  12:15  Viking x2  
  173  12:27  Marine x2  
  173  12:30  Marine  
  173  12:31  Marine  
  162  12:38  Marine x2  
  162  12:41  Siege Tank x2  
  162  12:42  Marine x2  
  162  12:44  Marine x2  
  144  12:45  Marine x2  
  144  12:48  Marine  
  144  12:49  Marine  
  126  12:56  Marine x2  
  123  13:00  Marine x2  
  123  13:01  Marine  
  123  13:02  Marine  
  123  13:03  Marine  
  125  13:13  Siege Tank  
  125  13:17  Siege Tank  
  125  13:18  Marine x3  
  116  13:20  Marine x2  
  116  13:23  Marine  
  116  13:24  Marine  
  117  13:29  Marine  
  117  13:30  Marine  
  117  13:31  Marine  
  119  13:36  Marine x2  
  119  13:37  Marine  
  119  13:38  Marine  
  119  13:41  Marine x2  
  117  13:42  Marine  
  117  13:47  Marine x2  
  127  13:48  Marine  
  127  13:54  Marine x2  
  127  13:55  Marine  
  131  13:56  Marine  
  131  13:58  Marine  
  131  13:59  Marine  
  131  14:00  Marine  
Tags
 
Add a new tag
Caveats
  • Supply blocks, unpowered buildings, or Contaminate may cause inaccurate times.
  • Supply counts are checked every 10 seconds.